 Dungeon Sprint DCSS version 0.30-a0-1160-g6e42c06551 (webtiles) character file.

Game seed: 10769786786436940387

6108 fozzywoppz the Spry (level 10, -3/59 HPs)
             Began as a Spriggan Enchanter on Apr 25, 2023.
             Was a High Priest of Okawaru.
             Killed by the air
             ... invoked by a wind drake
              (12 damage)
             ... in the Dungeon (Sprint V: "Ziggurat Sprint").
             The game lasted 00:11:49 (671 turns).

fozzywoppz the Spry (Spriggan Enchanter)             Turns: 671, Time: 00:11:50

Health: -3/59      AC:  9    Str: 10    XL:     10   Next: 58%
Magic:  0/21       EV: 43    Int: 17    God:    Okawaru [*****.]
Gold:   0          SH:  0    Dex: 22    Spells: 14/22 levels left

rFire   . . .        B - +5 quick blade (protect)
rCold   . . .        C - orb {guile}
rNeg    . . .        b - +0 robe
rPois   +            (helmet restricted)
rElec   .            (no cloak)
rCorr   .            (gloves unavailable)
SInv    +            (boots unavailable)
Will    .....        w - amulet of guardian spirit
Stlth   ++++++++     l - ring "Rocurch" {rPois EV+5 Str+4 Dex-2}
HPRegen 0.29/turn    v - +6 ring of dexterity
MPRegen 0.17/turn

%: no teleportation, guardian spirit
@: heroic, finesse-ful, under a protective aura, hasted, very quick
A: very small, no large weapons, unfitting armour, see invisible, speed 3
a: Renounce Religion, Heroism, Finesse


You were in the Dungeon.
You worshipped Okawaru.
Okawaru was extremely pleased with you.
You visited 1 branch

Inventory:

Hand Weapons
 t - the +6 Majin-Bo {spellvamp, MP+6 Int+6}
   (You found it in the Dungeon)

   Int:       It affects your intelligence (+6).
   MP:        It affects your magic capacity (+6).
 B - a +5 quick blade of protection (weapon)
 E - a +3 dagger of venom
Armour
 a - a +3 buckler
 b - a +0 robe (worn)
 C - an orb of guile (worn)
Jewellery
 l - the ring "Rocurch" (left hand) {rPois EV+5 Str+4 Dex-2}
   (You found it in the Dungeon)

   [ring of evasion]

   EV:        It affects your evasion (+5).
   Str:       It affects your strength (+4).
   Dex:       It affects your dexterity (-2).
   rPois:     It protects you from poison.
 u - a +6 ring of dexterity
 v - a +6 ring of dexterity (right hand)
 w - an amulet of guardian spirit (around neck)
 x - a +6 ring of intelligence
 z - a +6 ring of strength
Wands
 r - a wand of mindburst (7)
 s - a wand of light (7)
 y - a wand of flame (8)
 A - a wand of polymorph (5)
 D - a wand of paralysis (7)
 G - a wand of digging (4)
Scrolls
 i - 3 scrolls of blinking
 n - 4 scrolls of amnesia
 o - 7 scrolls of fog
 p - 5 scrolls of identify
 q - 2 scrolls of fear
 F - a scroll of brand weapon
Potions
 c - 4 potions of invisibility
 d - 9 potions of curing
 e - 6 potions of heal wounds
 f - 4 potions of haste
 g - 6 potions of magic
 h - 3 potions of berserk rage
 j - 2 potions of brilliance
 k - 4 potions of resistance
 m - 4 potions of might


   Skills:
 + Level 10.0(15.0) Fighting
 - Level 10.0(15.0) Short Blades
 + Level 0.8(5.8) Armour
 + Level 16.1(21.1) Dodging
 + Level 15.1(20.1) Stealth
 - Level 6.8 Spellcasting
 - Level 7.7 Hexes
 + Level 11.9 Invocations


You had 14 spell levels left.
You knew the following spells:

 Your Spells              Type           Power      Damage    Failure   Level
a - Confusing Touch       Hex            32%        N/A       1%          3
b - Ensorcelled Hibernat  Hex/Ice        36%        N/A       3%          2
c - Dazzling Flash        Conj/Hex       36%        N/A       8%          3

Your spell library contained the following spells:

 Spells                   Type           Power      Damage    Failure   Level
 Blink                    Tloc           10%        N/A       19%         2
 Fulminant Prism          Conj/Hex       9%         3d7       24%         4
 Volatile Blastmotes      Fire/Tloc      10%        2d10      34%         3
 Iskenderun's Mystic Bla  Conj/Tloc      5%         2d3       75%         4
 Manifold Assault         Tloc           5%         N/A       75%         4
 Fireball                 Conj/Fire      2%         3d4       97%         5
 Iskenderun's Battlesphe  Conj           5%         2d6       97%         5
 Lee's Rapid Deconstruct  Erth           2%         3d5*      97%         5
 Conjure Ball Lightning   Conj/Air       2%         3x3d6     100%        6
 Iron Shot                Conj/Erth      2%         9d2       100%        6
 Orb of Destruction       Conj           2%         9d5       100%        7
 Storm Form               Tmut/Air       2%         N/A       100%        7
 Tukima's Dance           Hex            Unusable   N/A       N/A         3
 Spellforged Servitor     Conj/Summ      Unusable   N/A       N/A         7

Dungeon Overview and Level Annotations

Branches:
Dungeon (1/1)

Altars:
Ashenzari
Cheibriados
Dithmenos
Elyvilon
Fedhas
Gozag
Hepliaklqana
Kikubaaqudgha
Makhleb
Nemelex Xobeh
Okawaru
Qazlal
Ru
Sif Muna
Trog
Uskayaw
Vehumet
Wu Jian
Xom
Yredelemnul
Zin
The Shining One
Jiyva
Lugonu

Annotations:
D 1 transporter


Innate Abilities, Weirdness & Mutations

You are very small and have problems with some larger weapons.
You are too small for most types of armour.
You have supernaturally acute eyesight. (SInv)
You cover ground extremely quickly. (Speed+++)


Message History

The wind drake is lightly wounded.
The cyclops completely misses you.
You hit the cyclops.
The cyclops is heavily wounded.
You hit the cyclops.
The cyclops is heavily wounded.
The wind drake closely misses you.
You hit the cyclops.
The cyclops is heavily wounded.
The merfolk completely misses you.
Casting: Dazzling Flash (dangerous; 8% risk of failure)
Confirm with . or Enter, or press ? or * to list all spells.
Your hands begin to glow red.
The centaur shoots an arrow.
The arrow hits the cyclops!
The cyclops completely misses you. The wind drake completely misses you.
You hit the cyclops but do no damage.
The cyclops appears confused.
The cyclops is severely wounded.
The centaur shoots an arrow.
The arrow hits the cyclops.
You barely miss the merfolk.
The merfolk is lightly wounded.
The merfolk barely misses you.
Casting: Confusing Touch (safe; 1% risk of failure)
Confirm with . or Enter, or press ? or * to list all spells.
Your hands begin to glow red.
The wind drake flaps its wings at you. The air twists around and strikes you!
* * * LOW HITPOINT WARNING * * *
You hit the merfolk but do no damage.
The merfolk appears confused.
The merfolk is lightly wounded.
The merfolk completely misses you.
Unknown command.
You hit the cyclops.
The cyclops is severely wounded.
The wind drake is no longer blind.
Unknown command.
You miss the wind drake.
The wind drake is lightly wounded.
The wind drake flaps its wings at you. The air twists around and strikes you!
You die...

▓.......▓
▓......)▓
▓.......▓
▓.▓...▓.▓
▓...©...▓
▓▓▓▓▓▓▓▓▓
▓..8©8..▓
▓..=[)..▓
▓..)@?..▓
▓.Cckm..▓
▓.......▓
▓.......▓
▓.......▓
▓..)....▓
▓...©...▓
▓▓▓▓▓▓▓▓▓


You could see a wind drake (repels missiles), a merfolk (confused), a cyclops
(confused) and a centaur (wandering, blind).

Vanquished Creatures
  A pandemonium lord (D)
  A sun demon (D)
  A wind drake (D)
  A yak (D)
  A black bear (D)
  2 wolves (D)
  A centaur (D)
  2 bullfrogs (D)
  3 necrophages (D)
  2 wights (D)
  3 orc priests (D)
  An iron imp (D)
  3 orc wizards (D)
  A river rat (D)
  3 white imps (D)
26 creatures vanquished.

Notes
Turn   | Place    | Note
-------+----------+-------------------------------------------
     0 | D        | fozzywoppz the Spriggan Enchanter began the quest for the
                  | Orb.
     0 | D        | Reached XP level 1. HP: 9/9 MP: 5/5
     0 | D        | Found a shimmering blue altar of Sif Muna.
     0 | D        | Found a sacrificial altar of Ru.
     0 | D        | Found a bloodstained altar of Trog.
     0 | D        | Found a stormy altar of Qazlal.
     0 | D        | Found an iron altar of Okawaru.
     0 | D        | Found a sparkling altar of Nemelex Xobeh.
     0 | D        | Found a blossoming altar of Fedhas.
     0 | D        | Found the +6 Majin-Bo {spellvamp, MP+6 Int+6}
     0 | D        | Found the +27 heavy crossbow "Sniper" {heavy, Acc+∞ SInv}
     0 | D        | Found the +10 dark maul {heavy}
     0 | D        | Found the +15 Maxwell's patent armour {-Cast -Tele rElec
                  | Will+ rCorr}
     0 | D        | Found the +18 shield of the Gong {Loud rN+ Will+ rCorr
                  | EV-5}
     0 | D        | Found the +16 obsidian axe {drain, demonic, Mesm Drain Fly
                  | SInv}
     0 | D        | Found the +7 great mace "Firestarter" {flame, immolate,
                  | rFlCloud rF++}
     0 | D        | Found the +6 shillelagh "Devastator" {shatter}
     0 | D        | Found the +11 plutonium sword {Contam Stlth-}
     0 | D        | Found the +8 lance "Wyrmbane" {slay drac, rPois rF+ rC+
                  | AC+3}
     0 | D        | Found the +9 sword of Zonguldrok {reap}
     0 | D        | Found the +13 scythe of Curses {drain, curses, Drain}
     0 | D        | Found the +9 sword of Power {lifebolt}
     0 | D        | Found the +7 mace of Variability {chaos, chaos arc}
     0 | D        | Found the +11 Singing Sword {sonic wave}
     0 | D        | Found the +8 storm bow {elec, penet}
     2 | D        | Found a transporter.
     2 | D        | Found an ancient bone altar of Kikubaaqudgha.
     2 | D        | Found a viscous altar of Jiyva.
     2 | D        | Found a corrupted altar of Lugonu.
     2 | D        | Found a hazy altar of Hepliaklqana.
     2 | D        | Found a burning altar of Makhleb.
     2 | D        | Found an opulent altar of Gozag.
    62 | D        | Became a worshipper of Warmaster Okawaru
    70 | D        | Entered arena 2.
    70 | D        | Noticed an orc wizard
    70 | D        | Noticed an orc priest
    70 | D        | Found a transporter.
    71 | D        | Reached skill level 5 in Hexes
    71 | D        | Reached XP level 2. HP: 17/17 MP: 5/8
    81 | D        | Reached skill level 3 in Dodging
    81 | D        | Reached skill level 5 in Stealth
    81 | D        | Reached skill level 5 in Spellcasting
    81 | D        | Reached XP level 3. HP: 21/21 MP: 5/10
    84 | D        | Reached skill level 4 in Dodging
    87 | D        | Got the ring "Rocurch" {rPois EV+5 Str+4 Dex-2}
   123 | D        | Entered arena 3.
   123 | D        | Noticed a wolf
   123 | D        | Noticed a wolf
   123 | D        | Noticed a black bear
   123 | D        | Found a transporter.
   129 | D        | Killed a wolf
   129 | D        | Reached * piety under Okawaru
   130 | D        | Reached skill level 5 in Short Blades
   130 | D        | Reached skill level 5 in Dodging
   130 | D        | Reached XP level 4. HP: 16/26 MP: 10/12
   130 | D        | Reached XP level 5. HP: 18/30 MP: 10/13
   137 | D        | Killed a wolf
   138 | D        | Reached skill level 5 in Fighting
   138 | D        | Reached skill level 6 in Dodging
   141 | D        | Killed a black bear
   142 | D        | Reached skill level 7 in Dodging
   142 | D        | Reached skill level 10 in Stealth
   142 | D        | Reached XP level 6. HP: 15/36 MP: 10/14
   229 | D        | Entered arena 4.
   229 | D        | Found a transporter.
   234 | D        | Learned a level 3 spell: Confusing Touch
   243 | D        | Reached skill level 8 in Dodging
   243 | D        | Reached skill level 1 in Invocations
   303 | D        | Learned a level 2 spell: Ensorcelled Hibernation
   307 | D        | Learned a level 3 spell: Dazzling Flash
   314 | D        | Entered arena 5.
   314 | D        | Noticed a yak
   314 | D        | Found a transporter.
   342 | D        | Reached XP level 7. HP: 39/41 MP: 7/16
   350 | D        | Killed a yak
   416 | D        | Entered arena 6.
   416 | D        | Found a transporter.
   424 | D        | Reached ** piety under Okawaru
   516 | D        | Entered arena 7.
   516 | D        | Noticed Kuju the pandemonium lord
   516 | D        | Noticed a sun demon
   519 | D        | Found a transporter.
   542 | D        | Reached XP level 8. HP: 46/46 MP: 8/19
   542 | D        | Killed a sun demon
   542 | D        | Reached *** piety under Okawaru
   543 | D        | Reached skill level 9 in Dodging
   543 | D        | Reached skill level 5 in Invocations
   560 | D        | Killed Kuju the pandemonium lord
   560 | D        | Reached **** piety under Okawaru
   560 | D        | Reached ***** piety under Okawaru
   560 | D        | Received a gift from Okawaru
   561 | D        | Reached skill level 10 in Fighting
   561 | D        | Reached skill level 10 in Short Blades
   561 | D        | Reached skill level 16 in Dodging
   561 | D        | Reached skill level 15 in Stealth
   561 | D        | Reached XP level 9. HP: 54/54 MP: 9/20
   561 | D        | Reached XP level 10. HP: 59/59 MP: 9/21
   637 | D        | Entered arena 8.
   637 | D        | Noticed a cyclops
   639 | D        | Found a transporter.
   671 | D        | Killed from afar by a wind drake

Illustrated notes

Levels and vault maps discovered:
D:        sprint_v [room_start, room_1, room_2, room_3, room_4, room_5, room_6,
          room_7, room_8, room_9, room_10, room_11, room_12, room_13, room_14,
          room_15, room_16, room_17, room_18, room_19, room_20, room_21,
          room_22, room_23, room_24, room_25, room_26, room_27]

Skill      XL: |  1  2  3  4  5  6  7  8 |
---------------+-------------------------+-----
Fighting       | 3 4 6 7 10 | 10.0
Short Blades   | 3 4 5 7 8 10 | 10.0
Spellcasting   | 4 5 6 |  6.8
Hexes          | 5 6 7 |  7.7
Dodging        | 3 5 7 8 16 | 16.1
Stealth        | 5 7 10 11 12 15 | 15.1
Invocations    | 3 4 11 | 11.9
Armour         | |  0.8

Action                     |  1- 3 |  4- 6 |  7- 9 | 10-12 || total
---------------------------+-------+-------+-------+-------++-------
  Melee: Quick blade       |    10 |    55 |    69 |    21 ||   155
   Cast: Confusing Touch   |       |     2 |     5 |     3 ||    10
         Dazzling Flash    |       |       |     1 |     2 ||     3
 Invoke: Heroism           |       |     2 |     1 |     1 ||     4
         Finesse           |       |       |       |     1 ||     1
    Use: Potion            |     6 |       |       |     4 ||    10
         Scroll            |       |       |     1 |     1 ||     2
   Stab: Confused          |       |       |    11 |     2 ||    13
         Sleeping          |       |       |     1 |       ||     1
 Armour: Robe              |       |       |     3 |       ||     3
  Dodge: Dodged            |     9 |    43 |    44 |    24 ||   120

Table legend: (Time is in decaauts)
 A = Elapsed time spent in this place.
 B = Non-inter-level travel time spent in this place.
 C = Inter-level travel time spent in this place.
 D = Time resting spent in this place.
 E = Time spent auto-exploring this place.
 F = Levels seen in this place.
 G = Mean time per level.
                   A        B        C        D        E       F      G
               +--------+--------+--------+--------+--------+-----+--------+
         Total |    477 |    477 |      0 |    251 |      0 |   1 |  477.0 |
       Dungeon |    477 |    477 |      0 |    251 |      0 |   1 |  477.0 |
               +--------+--------+--------+--------+--------+-----+--------+

Top non-repeatable levels by time:
       D: 477 daAuts
